 Dungeon Crawl Stone Soup version 0.21.1-1-g345015fe64 (webtiles) character file.

1001 Holzbalken the Ducker (level 8, 0/52 HPs)
             Began as a Merfolk Ice Elementalist on July 13, 2018.
             Was an Initiate of Makhleb.
             Slain by an orc warrior
             ... wielding a +0 halberd
              (13 damage)
             ... on level 6 of the Dungeon.
             The game lasted 00:38:04 (8027 turns).

Holzbalken the Ducker (Merfolk Ice Elementalist)    Turns: 8027, Time: 00:38:05

Health: 0/52       AC: 11    Str:  9    XL:     8   Next: 20%
Magic:  12/15      EV: 12    Int: 15    God:    Makhleb [......]
Gold:   261        SH:  0    Dex: 15    Spells: 8/16 levels left

rFire    + + +     SeeInvis +   r - +1 halberd
rCold    . . .     Gourm    .   (shield currently unavailable)
rNeg     . . .     Faith    .   w - +3 ring mail of the Great Game {*Drain rPois rF+++ Regen+}
rPois    +         Spirit   .   (no helmet)
rElec    .         Reflect  .   (no cloak)
rCorr    .         Harm     .   t - +1 pair of gloves
MR       +....                  a - +0 pair of boots
Stlth    +.........             (no amulet)
HPRegen  0.57/turn              l - ring of see invisible
MPRegen  0.14/turn              v - ring of protection from magic

@: no status effects
A: change form in water, swift swim, stealthy swim
a: Renounce Religion


You were on level 6 of the Dungeon.
You worshipped Makhleb.
Makhleb was noncommittal.
You were hungry.

You visited 2 branches of the dungeon, and saw 7 of its levels.

You collected 261 gold pieces.

Inventory:

Hand Weapons
 q - a +0 scythe
 r - a +1 halberd (weapon)
Armour
 a - a +0 pair of boots (worn)
 d - a +0 leather armour
 o - a +0 buckler
 t - a +1 pair of gloves (worn)
 w - the +3 ring mail of the Great Game (worn) {*Drain rPois rF+++ Regen+}
   (You found it on level 4 of the Dungeon)

   It renders you almost immune to fire.
   It protects you from poison.
   It increases your rate of regeneration.
   It causes draining when unequipped.
Jewellery
 l - a ring of see invisible (left hand)
 m - an uncursed ring of flight
 v - a ring of protection from magic (right hand)
Wands
 e - a wand of iceblast (16)
Scrolls
 g - 2 scrolls of enchant weapon
 h - 4 scrolls of identify
 n - 2 scrolls of teleportation {unknown}
 s - a scroll of fear {unknown}
 x - a scroll of acquirement {unknown}
Potions
 f - 2 potions of might {unknown}
 i - a potion of lignification {unknown}
 j - a potion of brilliance {unknown}
 k - 3 potions of cancellation {unknown}
 p - 2 potions of curing
 u - a potion of berserk rage {unknown}
 A - a potion of heal wounds
Books
 b - a book of Frost

   Spells                             Type                      Level
   a - Freeze                         Ice                          1
   b - Throw Frost                    Conjuration/Ice              2
   c - Ozocubu's Armour               Charms/Ice                   3
   d - Throw Icicle                   Conjuration/Ice              4
   e - Summon Ice Beast               Ice/Summoning                4
Comestibles
 c - 7 rations
 z - a chunk of flesh


   Skills:
 + Level 3.8 Polearms
 + Level 5.3 Dodging
 - Level 2.1 Stealth
 * Level 4.9 Spellcasting
 + Level 2.8 Conjurations
 * Level 3.5 Charms
 + Level 5.2 Ice Magic


You had 8 spell levels left.
You knew the following spells:

 Your Spells              Type           Power        Failure   Level  Hunger
a - Freeze                Ice            ###.         5%          1    None
b - Ozocubu's Armour      Chrm/Ice       ###.....     22%         3    ###....
c - Throw Icicle          Conj/Ice       ###.....     65%         4    ####...


Dungeon Overview and Level Annotations

Branches:
Dungeon (6/15)             Temple (1/1) D:5

Altars:
Ashenzari
Cheibriados
Dithmenos
Elyvilon
Fedhas
Gozag
Hepliaklqana
Kikubaaqudgha
Makhleb
Nemelex Xobeh
Okawaru
Qazlal
Ru
Sif Muna
Trog
Uskayaw
Vehumet
Wu Jian
Xom
Yredelemnul
Zin
The Shining One

Annotations:
D:4 Pikel


Message History

Attack whom?
Press: ? - help, Dir - move target cursor, f/p - orc warrior
Aim: an orc warrior, wielding a halberd and wearing a chain mail You reach to attack!
Your ring mail of the Great Game prevents you from hitting the orc warrior.
The orc warrior hits you from afar with a halberd!
* * * LOW HITPOINT WARNING * * *
Attack whom?
Press: ? - help, Dir - move target cursor, f/p - orc warrior
Aim: an orc warrior, wielding a halberd and wearing a chain mail You reach to attack!
You hit the orc warrior.
The orc warrior is lightly wounded.
The orc warrior barely misses you.
Attack whom?
Press: ? - help, Dir - move target cursor, f/p - orc warrior
Aim: an orc warrior, wielding a halberd and wearing a chain mail (lightly wounded)
You reach to attack!
You hit the orc warrior.
The orc warrior is lightly wounded.
The orc warrior hits you from afar with a halberd!
You die...

#.. ###.### ##.....##
##.......##
#.........# .##
#.........# ....#
#.........#
#....!#####<........#
# #oo.@.#.........#
#..o####.......(...#
## ##.<........#
#...........#
#...#.........#
.....##.........#
##... ##.......##
#... ##.....## #..
(..#####


You could see an orc warrior and 2 orcs.

Vanquished Creatures
  Sigmund (D:5)
  Edmund (D:5)
  An ogre (D:5)
  2 howler monkeys
  2 crimson imps
  2 jellies
  2 hounds
  An orc wizard (D:3)
  5 worker ants
  A hound skeleton (D:4)
  A worker ant zombie (D:5)
  6 adders
  4 gnolls (D:2)
  An adder skeleton (D:6)
  4 worms
  A dart slug (D:1)
  A leopard gecko (D:4)
  12 orcs
  5 bats
  5 giant cockroaches
  10 goblins
  8 hobgoblins
  10 jackals
  2 ball pythons
  5 frilled lizards
  A giant cockroach zombie (D:5)
  A jackal skeleton (D:4)
  6 kobolds
  8 rats
  A bush (D:1)
  A plant (D:1)
111 creatures vanquished.

Notes
Turn   | Place    | Note
-------+----------+-------------------------------------------
     0 | D:1      | Holzbalken the Merfolk Ice Elementalist began the quest for the Orb.
     0 | D:1      | Reached XP level 1. HP: 13/13 MP: 3/3
   132 | D:1      | Reached XP level 2. HP: 17/19 MP: 0/5
   493 | D:1      | Reached XP level 3. HP: 24/24 MP: 3/6
   524 | D:1      | Learned a level 3 spell: Ozocubu's Armour
  2633 | D:2      | Reached skill level 1 in Charms
  2633 | D:2      | Reached XP level 4. HP: 30/30 MP: 3/8
  2904 | D:2      | Found a sacrificial altar of Ru.
  3845 | D:3      | Reached XP level 5. HP: 35/35 MP: 2/10
  4648 | D:4      | Reached skill level 1 in Polearms
  4790 | D:4      | Reached XP level 6. HP: 34/41 MP: 7/11
  4796 | D:4      | Learned a level 4 spell: Throw Icicle
  4855 | D:4      | Reached skill level 1 in Conjurations
  4937 | D:4      | Got a diamond-encrusted ring mail
  4953 | D:4      | Identified the +3 ring mail of the Great Game {*Drain rPois rF+++ Regen+} (You found it on level 4 of the Dungeon)
  5033 | D:4      | Noticed Pikel
  5034 | D:4      | Noticed a slave
  5035 | D:4      | Paralysed by Pikel for 3 turns
  5037 | D:4      | Noticed a slave
  5040 | D:4      | Paralysed by Pikel for 3 turns
  5042 | D:4      | Noticed a slave
  6028 | D:5      | Entered Level 5 of the Dungeon
  6164 | D:5      | Found a staircase to the Ecumenical Temple.
  6173 | Temple   | Entered the Ecumenical Temple
  6179 | Temple   | Became a worshipper of Makhleb the Destroyer
  6884 | D:5      | Reached XP level 7. HP: 46/46 MP: 8/13
  7527 | D:5      | Noticed Sigmund
  7580 | D:5      | Killed Sigmund
  7580 | D:5      | Reached skill level 5 in Dodging
  7580 | D:5      | Reached skill level 5 in Ice Magic
  7667 | D:5      | Noticed Edmund
  7677 | D:5      | Killed Edmund
  7677 | D:5      | Reached XP level 8. HP: 30/52 MP: 5/15
  7811 | D:6      | Noticed a hornet
  8027 | D:6      | Slain by an orc warrior

Skill      XL: |  1  2  3  4  5  6  7 |
---------------+----------------------+-----
Dodging        | 3 4 5 |  5.3
Spellcasting   | 3 4 |  4.9
Charms         | 1 2 3 |  3.5
Ice Magic      | 4 5 |  5.2
Polearms       | 1 2 3 |  3.8
Conjurations   | 1 2 |  2.8
Stealth        | |  2.1

Action                   |  1- 3 |  4- 6 |  7- 9 || total
-------------------------+-------+-------+-------++-------
Melee: Unarmed           |    37 |       |       ||    37
       Dagger            |   150 |       |       ||   150
       Halberd           |       |    78 |    77 ||   155
 Cast: Freeze            |    76 |   115 |    50 ||   241
       Ozocubu's Armour  |       |     1 |       ||     1
  Use: Scroll            |       |     7 |       ||     7
 Stab: Paralysed         |       |     2 |       ||     2
       Sleeping          |       |     1 |       ||     1
  Eat: Chunk             |     3 |    10 |     3 ||    16
       Ration            |     1 |     1 |       ||     2
Armor: Leather armour    |    16 |    20 |       ||    36
       Ring mail         |       |    27 |    43 ||    70
Dodge: Dodged            |    58 |   111 |    68 ||   237
